[Event "ICC tourney 3382 (40 10)"]
[Site "Internet Chess Club"]
[Date "2024.02.10"]
[Round "1"]
[White "Anand, Anirudh:AnirudhAnand"]
[Black "KARAKA, GOWTHAM:gkk432"]
[Result "0-1"]
[ICCResult "White checkmated"]
[WhiteElo "1639"]
[BlackElo "1792"]
[Opening "French: exchange variation"]
[ECO "C01"]
[NIC "FR.01"]
[Time "11:00:23"]
[PlyCount "60"]
[TimeControl "2400+10"]

1. e4 e6 2. d4 d5 3. exd5 exd5 4. c4 c6 5. Nc3 Nf6 6. c5 g6 7. Nf3 Bg7 8.
Bd3 O-O 9. O-O Bg4 10. h3 Bxf3 11. Qxf3 Nbd7 12. Be3 Re8 13. Rfe1 Nxc5 14.
dxc5 d4 15. Rad1 dxe3 16. Bxg6 Qc7 17. Bd3 exf2+ 18. Qxf2 Rxe1+ 19. Qxe1 Qf4
20. Ne4 Nxe4 21. Bxe4 Be5 22. Qe2 f5 23. Qc4+ Kh8 24. Bd3 Qh2+ 25. Kf1 Qh1+
26. Ke2 Qxg2+ 27. Ke3 f4+ 28. Qxf4 Bxf4+ 29. Kxf4 Rf8+ 30. Ke5 Qd5#
{White checkmated}
0-1

[Event "ICC tourney 3382 (40 10)"]
[Site "Internet Chess Club"]
[Date "2024.02.10"]
[Round "1"]
[White "cohen, jeffrey:jcohen46677"]
[Black "LIN, MICHAEL:knightseu"]
[Result "0-1"]
[ICCResult "White resigns"]
[WhiteElo "1491"]
[BlackElo "1711"]
[Opening "Queen's bishop game"]
[ECO "D02"]
[NIC "QP.08"]
[Time "11:00:37"]
[PlyCount "58"]
[TimeControl "2400+10"]

1. d4 d5 2. Nf3 Nf6 3. Bf4 c5 4. e3 Nc6 5. c3 Qb6 6. Qb3 c4 7. Qc2 Bf5 8.
Qc1 e6 9. Nbd2 a5 10. a4 Be7 11. Ra3 Bxa3 12. bxa3 O-O 13. Be2 Qa6 14. Nh4
Bg6 15. Nxg6 fxg6 16. O-O b5 17. axb5 Qxb5 18. Qc2 Rf7 19. Rb1 Qa6 20. Qb2
Raa7 21. Qb6 Rfb7 22. Qxa6 Rxb1+ 23. Nxb1 Rxa6 24. Nd2 Rb6 25. h3 Rb2 26.
Bxc4 Rxd2 27. Bb5 Ne7 28. Bd6 Nf5 29. g4 Nxd6 {White resigns} 0-1

[Event "ICC tourney 3382 (40 10)"]
[Site "Internet Chess Club"]
[Date "2024.02.10"]
[Round "1"]
[White "KUMAR, ANIRUDH:austinani"]
[Black "MA, YUNHUI:niuniuma"]
[Result "0-1"]
[ICCResult "White checkmated"]
[WhiteElo "1750"]
[BlackElo "1561"]
[Opening "Scotch gambit: Dubois-Réti defense"]
[ECO "C55"]
[NIC "KP.02"]
[Time "11:02:52"]
[PlyCount "104"]
[TimeControl "2400+10"]

1. e4 e5 2. Nf3 Nc6 3. d4 exd4 4. Bc4 Nf6 5. e5 Ne4 6. Qe2 Nc5 7. O-O Be7 8.
Rd1 O-O 9. Nxd4 Nxd4 10. Rxd4 Bg5 11. Bxg5 Qxg5 12. Nc3 Ne6 13. Rg4 Qd8 14.
Rg3 b6 15. Qe3 Bb7 16. Bd5 Bxd5 17. Nxd5 Kh8 18. Rh3 d6 19. Rd1 Re8 20. Qc3
Rc8 21. Re3 c6 22. Nb4 d5 23. Qd2 d4 24. Rf3 c5 25. Nd3 Rc7 26. b3 Kg8 27.
Re1 b5 28. Nf4 Nxf4 29. Qxf4 f6 30. Re4 fxe5 31. Rxe5 Rxe5 32. Qxe5 Re7 33.
Qxe7 Qxe7 34. Kf1 Qe4 35. Rd3 c4 36. Rd2 d3 37. cxd3 cxd3 38. h3 Qd4 39. f3
Kf7 40. h4 Kf6 41. f4 Kf5 42. g3 Kg4 43. Kg2 Qe4+ 44. Kf2 Qf3+ 45. Kg1 Qxg3+
46. Rg2 Qxg2+ 47. Kxg2 d2 48. a4 d1=Q 49. axb5 Qxb3 50. h5 Qf3+ 51. Kg1 Kg3
52. h6 Qg2# {White checkmated} 0-1

[Event "ICC tourney 3382 (40 10)"]
[Site "Internet Chess Club"]
[Date "2024.02.10"]
[Round "1"]
[White "TRIPATHY, SIDDHARTH KESHAV:Sid907"]
[Black "SULTAN, BASHIR Cisse:muzikmixer"]
[Result "0-1"]
[ICCResult "White forfeits on time"]
[WhiteElo "1475"]
[BlackElo "1685"]
[Opening "Pirc: Ufimtsev-Pytel variation"]
[ECO "B07"]
[NIC "PU.08"]
[Time "11:00:19"]
[PlyCount "80"]
[TimeControl "2400+10"]

1. e4 d6 2. d4 Nf6 3. Nc3 c6 4. Nf3 Bg4 5. Be2 e6 6. O-O Be7 7. Bf4 d5 8. e5
Nfd7 9. Qd2 Bxf3 10. Bxf3 a6 11. a4 c5 12. dxc5 Nc6 13. Rfe1 O-O 14. Rad1
Qa5 15. b3 Bxc5 16. Na2 Qxd2 17. Rxd2 Nb6 18. c3 Rac8 19. Be2 Rfd8 20. Bd3
Be7 21. Bb1 Na5 22. Bc2 Nc6 23. Red1 Nd7 24. Re2 b5 25. axb5 axb5 26. Bb1 g6
27. Nc1 Bf8 28. Nd3 Na5 29. b4 Nc4 30. Rc1 Ra8 31. Ba2 Rdc8 32. Bxc4 Rxc4
33. Rec2 Bg7 34. f3 Nb6 35. Bg3 Na4 36. Nb2 Nxb2 37. Rxb2 Rac8 38. Rbc2 d4
39. Rd1 dxc3 40. Rb1 Bf8 {White forfeits on time} 0-1

[Event "ICC tourney 3382 (40 10)"]
[Site "Internet Chess Club"]
[Date "2024.02.10"]
[Round "1"]
[White "JACKSON, MASSIMO MATEO:Yeetamus123"]
[Black "Yang, Daniel Benji Benji:DanielYang99"]
[Result "1/2-1/2"]
[ICCResult "Game drawn by repetition"]
[WhiteElo "1595"]
[BlackElo "1752"]
[Opening "Scotch: Potter variation"]
[ECO "C45"]
[NIC "SO.05"]
[Time "11:00:24"]
[PlyCount "86"]
[TimeControl "2400+10"]

1. e4 e5 2. Nf3 Nc6 3. d4 exd4 4. Nxd4 Bc5 5. Nb3 Bb6 6. Nc3 Nf6 7. Qe2 d6
8. Be3 O-O 9. f3 Re8 10. O-O-O Qe7 11. g4 Bxe3+ 12. Qxe3 Be6 13. h4 Bxb3 14.
axb3 d5 15. Nxd5 Nxd5 16. Rxd5 Nb4 17. Rd1 a5 18. c3 Nc6 19. Bb5 Qe5 20.
Bxc6 bxc6 21. Rd4 Qe6 22. Kc2 Reb8 23. c4 a4 24. bxa4 Rxa4 25. Qd3 h6 26.
Rd1 c5 27. Rd5 Rab4 28. Rd8+ Rxd8 29. Qxd8+ Kh7 30. b3 Qa6 31. Rb1 Qa2+ 32.
Rb2 Qa7 33. Qd7 Qa1 34. Qxf7 Qe1 35. Qxc7 Qf2+ 36. Kb1 Qe1+ 37. Ka2 Rb8 38.
Qxb8 Qa5+ 39. Kb1 Qe1+ 40. Ka2 Qa5+ 41. Kb1 Qe1+ 42. Ka2 Qa5+ 43. Kb1 Qe1+
{Game drawn by repetition}
1/2-1/2

[Event "ICC tourney 3382 (40 10)"]
[Site "Internet Chess Club"]
[Date "2024.02.10"]
[Round "2"]
[White "SULTAN, BASHIR Cisse:muzikmixer"]
[Black "Sabbani, Sharathchandra:sharathsabbani"]
[Result "1-0"]
[ICCResult "Black resigns"]
[WhiteElo "1685"]
[BlackElo "1303"]
[Opening "English opening"]
[ECO "A16"]
[NIC "EO.64"]
[Time "13:16:25"]
[PlyCount "64"]
[TimeControl "2400+10"]

1. c4 Nf6 2. Nc3 g6 3. e4 d6 4. d4 c6 5. Nf3 Bg7 6. Be2 O-O 7. O-O Nbd7 8.
Bg5 Ne8 9. Qd2 e5 10. Bxd8 exd4 11. Nxd4 Nc5 12. Be7 Nf6 13. Bxf8 Bxf8 14.
f3 Ncd7 15. Rac1 a6 16. Rfd1 c5 17. Nc2 b6 18. Nd5 Bb7 19. Nxf6+ Nxf6 20.
Qc3 Bg7 21. Qb3 b5 22. Rxd6 b4 23. Rcd1 Bf8 24. Rd8 Bc8 25. Qe3 Kg7 26. Rxf8
Kxf8 27. Qxc5+ Kg7 28. Rd8 Bb7 29. Rxa8 Bxa8 30. Nd4 Nh5 31. Qa7 Nf4 32.
Qxa8 Nxe2+ {Black resigns} 1-0

[Event "ICC tourney 3382 (40 10)"]
[Site "Internet Chess Club"]
[Date "2024.02.10"]
[Round "2"]
[White "Anand, Anirudh:AnirudhAnand"]
[Black "KUMAR, ANIRUDH:austinani"]
[Result "0-1"]
[ICCResult "White checkmated"]
[WhiteElo "1639"]
[BlackElo "1750"]
[Opening "Caro-Kann defense"]
[ECO "B15"]
[NIC "CK.05"]
[Time "13:16:30"]
[PlyCount "120"]
[TimeControl "2400+10"]

1. e4 c6 2. d4 d5 3. Nc3 dxe4 4. Bc4 Nf6 5. f3 exf3 6. Nxf3 Bf5 7. O-O e6 8.
Ng5 Bg6 9. Bf4 Bd6 10. Bxd6 Qxd6 11. Qd2 O-O 12. Rad1 h6 13. Nf3 Nbd7 14.
Kh1 Rad8 15. Qf2 Bh5 16. Qh4 Bg6 17. Bb3 Qc7 18. Rde1 c5 19. Ne5 Nxe5 20.
dxe5 Nd7 21. Ne4 Nxe5 22. Qf4 Rd4 23. c3 Rxe4 24. Rxe4 Bxe4 25. Qxe4 c4 26.
Bc2 Ng6 27. h4 Qg3 28. h5 Qh4+ 29. Qxh4 Nxh4 30. Rf4 Nf5 31. Bxf5 exf5 32.
Rxf5 Rd8 33. Rf2 Rd5 34. g4 f6 35. Kg2 Rd3 36. Rf3 Rd1 37. Rf1 Rxf1 38. Kxf1
Kf7 39. Kf2 Ke6 40. Kf3 Ke5 41. Ke3 f5 42. Kf3 f4 43. Kf2 Ke4 44. Ke2 f3+
45. Kf2 Kf4 46. Kf1 Kxg4 47. Kf2 Kxh5 48. Kxf3 g5 49. Kg3 g4 50. Kg2 Kh4 51.
Kh2 g3+ 52. Kg1 Kg4 53. Kg2 h5 54. a4 h4 55. a5 a6 56. Kh1 h3 57. Kg1 Kf3
58. Kh1 g2+ 59. Kg1 Kg3 60. b3 h2# {White checkmated} 0-1

[Event "ICC tourney 3382 (40 10)"]
[Site "Internet Chess Club"]
[Date "2024.02.10"]
[Round "2"]
[White "tammineni, ram:ramtammineni"]
[Black "JACKSON, MASSIMO MATEO:Yeetamus123"]
[Result "0-1"]
[ICCResult "White checkmated"]
[WhiteElo "1695"]
[BlackElo "1595"]
[Opening "Sicilian: Alapin's variation (2.c3)"]
[ECO "B22"]
[NIC "SI.46"]
[Time "13:16:25"]
[PlyCount "62"]
[TimeControl "2400+10"]

1. e4 c5 2. c3 Nf6 3. d3 Nc6 4. Nf3 d5 5. e5 Ng8 6. h3 d4 7. cxd4 Nxd4 8.
Be3 Nxf3+ 9. Qxf3 Qc7 10. Bf4 e6 11. Nc3 Ne7 12. Ne4 Nf5 13. Rc1 Qa5+ 14.
Bd2 Qxa2 15. Bc3 Qd5 16. g4 Nd4 17. Bxd4 cxd4 18. Ng5 Qxe5+ 19. Ne4 f5 20.
gxf5 exf5 21. Qh5+ g6 22. Qg5 Be7 23. f4 Qa5+ 24. Nd2 Bxg5 25. fxg5 O-O 26.
Be2 Re8 27. Rh2 Qe5 28. Rf2 f4 29. Nf3 Qe3 30. Rc4 Bxh3 31. Rxd4 Qc1#
{White checkmated}
0-1

[Event "ICC tourney 3382 (40 10)"]
[Site "Internet Chess Club"]
[Date "2024.02.10"]
[Round "2"]
[White "MA, YUNHUI:niuniuma"]
[Black "ZHANG, RAYMOND TANGNING:DankMemer"]
[Result "1-0"]
[ICCResult "Black checkmated"]
[WhiteElo "1561"]
[BlackElo "1683"]
[Opening "French: advance, Paulsen attack"]
[ECO "C02"]
[NIC "FR.03"]
[Time "13:16:24"]
[PlyCount "75"]
[TimeControl "2400+10"]

1. e4 e6 2. d4 d5 3. e5 c5 4. c3 Nc6 5. Nf3 Qb6 6. a3 Nh6 7. b4 cxd4 8. cxd4
Nf5 9. Be3 Bd7 10. Nc3 Be7 11. Rc1 Qd8 12. Bd3 Nxe3 13. fxe3 Bh4+ 14. g3 Be7
15. O-O O-O 16. Qc2 Rc8 17. Bxh7+ Kh8 18. Bd3 a6 19. Qg2 g6 20. Qh3+ Kg7 21.
Ne2 Na7 22. Rxc8 Qxc8 23. Qg4 Bb5 24. Bxb5 Nxb5 25. Nf4 Rh8 26. h4 Qc3 27.
Re1 Nc7 28. h5 Rh6 29. hxg6 Rxg6 30. Nxg6 fxg6 31. Qf4 Qxa3 32. Rf1 Qxb4 33.
Ng5 Bxg5 34. Qxg5 Qc3 35. Qe7+ Kh6 36. Qf8+ Kh5 37. Qh8+ Kg4 38. Qh4#
{Black checkmated}
1-0

[Event "ICC tourney 3382 (40 10)"]
[Site "Internet Chess Club"]
[Date "2024.02.10"]
[Round "2"]
[White "HAO, RYAN:Ryan334"]
[Black "TRIPATHY, SIDDHARTH KESHAV:Sid907"]
[Result "0-1"]
[ICCResult "White checkmated"]
[WhiteElo "1651"]
[BlackElo "1475"]
[Opening "Four knights: Spanish, classical defense"]
[ECO "C48"]
[NIC "KP.03"]
[Time "13:16:28"]
[PlyCount "140"]
[TimeControl "2400+10"]

1. e4 e5 2. Nf3 Nf6 3. Nc3 Nc6 4. Bb5 Bc5 5. Nxe5 Nxe5 6. d4 Bd6 7. dxe5
Bxe5 8. O-O O-O 9. Bg5 c6 10. Be2 h6 11. Bh4 Re8 12. f4 Bxc3 13. bxc3 Rxe4
14. Qd3 d5 15. Rad1 Bf5 16. Qd2 Qb6+ 17. Kh1 Re6 18. Bxf6 Rxf6 19. Bd3 Bxd3
20. cxd3 Re8 21. Rde1 Rfe6 22. Rxe6 Rxe6 23. f5 Rf6 24. h3 Qc7 25. Qe3 c5
26. c4 d4 27. Qd2 Qe5 28. Qf2 Qe3 29. Qxe3 dxe3 30. Kh2 Rd6 31. Rd1 Kf8 32.
Kg1 e2 33. Re1 Rxd3 34. Rxe2 Rd4 35. Rc2 Ke7 36. g4 Kf6 37. Kf2 Ke5 38. Ke3
Re4+ 39. Kf3 b6 40. Rc1 Rd4 41. Ke3 Kf6 42. Rc3 Kg5 43. Kf3 Kh4 44. Ke2 a6
45. a4 a5 46. Ke1 Kg5 47. Kf2 Kf4 48. Ke2 f6 49. Rf3+ Ke5 50. Rc3 h5 51.
Re3+ Re4 52. Kf3 Rxe3+ 53. Kxe3 h4 54. Kd3 Kf4 55. Ke2 Kg3 56. g5 Kxh3 57.
g6 Kg2 58. Ke3 h3 59. Ke4 h2 60. Kd5 h1=Q 61. Kc6 Qh4 62. Kxb6 Qxc4 63. Kxa5
Qb4+ 64. Ka6 Qxa4+ 65. Kb7 c4 66. Kb6 c3 67. Kc5 c2 68. Kd6 c1=Q 69. Ke6 Qc7
70. Kd5 Qac4# {White checkmated} 0-1

[Event "ICC tourney 3382 (40 10)"]
[Site "Internet Chess Club"]
[Date "2024.02.10"]
[Round "2"]
[White "Yang, Daniel Benji Benji:DanielYang99"]
[Black "KRISHNAN, ASHVATH:K05-30042119"]
[Result "0-1"]
[ICCResult "White resigns"]
[WhiteElo "1752"]
[BlackElo "1763"]
[Opening "Sicilian: Kan, 5.Nc3"]
[ECO "B43"]
[NIC "SI.41"]
[Time "13:16:24"]
[PlyCount "126"]
[TimeControl "2400+10"]

1. e4 c5 2. Nf3 e6 3. d4 cxd4 4. Nxd4 a6 5. Nc3 Qc7 6. g3 Nf6 7. Bg2 Be7 8.
O-O O-O 9. Be3 Nc6 10. Nxc6 bxc6 11. Bf4 e5 12. Be3 Rb8 13. b3 Bb4 14. Ne2
Ng4 15. Bd2 Bc5 16. h3 Nf6 17. c4 Rd8 18. Bg5 Be7 19. Nc3 Bb7 20. Qe2 h6 21.
Bxf6 Bxf6 22. Rad1 d6 23. h4 Rd7 24. Rd2 Rbd8 25. Rfd1 Qa5 26. Na4 d5 27.
exd5 cxd5 28. cxd5 Bxd5 29. Bxd5 Rxd5 30. Rxd5 Rxd5 31. Rxd5 Qxd5 32. Qxa6
Qd1+ 33. Qf1 Qc2 34. Qc4 Qxa2 35. Nc3 Qa1+ 36. Kg2 Qa8+ 37. Qd5 Qb8 38. Qc4
Be7 39. Nd5 Qb7 40. Kg1 Bd6 41. b4 Kf8 42. b5 e4 43. b6 e3 44. Nxe3 Qf3 45.
b7 Qxb7 46. Nf5 Qb1+ 47. Kg2 Qxf5 48. Qd4 Qe5 49. Qg4 Qd5+ 50. Kh2 Kg8 51.
h5 Qd2 52. Qc8+ Bf8 53. Qf5 Qg5 54. Qf3 Qe5 55. Kh3 Bc5 56. Qa8+ Kh7 57. Qf3
Qe6+ 58. Kh2 Kg8 59. Qa8+ Bf8 60. Qf3 Qa2 61. Qf5 Qe2 62. Kg2 Qd1 63. Qg4
Qxg4 {White resigns} 0-1

[Event "ICC tourney 3382 (40 10)"]
[Site "Internet Chess Club"]
[Date "2024.02.10"]
[Round "3"]
[White "KRISHNAN, ASHVATH:K05-30042119"]
[Black "TRIPATHY, SIDDHARTH KESHAV:Sid907"]
[Result "1-0"]
[ICCResult "Black resigns"]
[WhiteElo "1763"]
[BlackElo "1475"]
[Opening "Vienna game"]
[ECO "C28"]
[NIC "IG.04"]
[Time "15:30:32"]
[PlyCount "45"]
[TimeControl "2400+10"]

1. e4 e5 2. Bc4 Nc6 3. Nc3 Nf6 4. d3 Bc5 5. f4 d6 6. f5 Na5 7. Qf3 Nxc4 8.
dxc4 Bd7 9. Bg5 h6 10. Bh4 Bc6 11. O-O-O Qe7 12. a3 a5 13. Nge2 O-O 14. g4
g6 15. g5 hxg5 16. Bxg5 Kg7 17. Rdf1 Bd4 18. h4 Rad8 19. h5 gxh5 20. Ng3
Bxc3 21. Nxh5+ Nxh5 22. Qxh5 Rh8 23. f6+ {Black resigns} 1-0

[Event "ICC tourney 3382 (40 10)"]
[Site "Internet Chess Club"]
[Date "2024.02.10"]
[Round "3"]
[White "HAO, RYAN:Ryan334"]
[Black "Anand, Anirudh:AnirudhAnand"]
[Result "1-0"]
[ICCResult "Black checkmated"]
[WhiteElo "1651"]
[BlackElo "1639"]
[Opening "Sicilian: Alapin's variation (2.c3)"]
[ECO "B22"]
[NIC "SI.46"]
[Time "15:30:06"]
[PlyCount "41"]
[TimeControl "2400+10"]

1. e4 c5 2. c3 d5 3. exd5 Qxd5 4. d4 cxd4 5. cxd4 Nc6 6. Nf3 Bg4 7. Be2
O-O-O 8. Nc3 Qd7 9. d5 Nb4 10. Ne5 Bxe2 11. Qxe2 Qf5 12. Qc4+ Kb8 13. Qxb4
Qxe5+ 14. Kf1 Ka8 15. Bf4 Qf6 16. Qa4 Qb6 17. Nb5 Rc8 18. Nc7+ Kb8 19. Qd7
a6 20. Nb5+ Ka8 21. Qxc8# {Black checkmated} 1-0

[Event "ICC tourney 3382 (40 10)"]
[Site "Internet Chess Club"]
[Date "2024.02.10"]
[Round "3"]
[White "Hamlett, James Morrison:Hamlett144"]
[Black "PAN, ROGER:RogerPbim"]
[Result "0-1"]
[ICCResult "White resigns"]
[WhiteElo "1400"]
[BlackElo "1660"]
[Opening "Sicilian: closed"]
[ECO "B23"]
[NIC "SI.44"]
[Time "15:30:33"]
[PlyCount "70"]
[TimeControl "2400+10"]

1. e4 c5 2. Nc3 e6 3. Nf3 a6 4. a4 d5 5. exd5 exd5 6. Ne2 d4 7. d3 Nf6 8. g3
Nc6 9. Bg2 Be6 10. O-O Be7 11. Nf4 Bd5 12. Nxd5 Nxd5 13. Re1 O-O 14. Ne5 Bf6
15. Nxc6 bxc6 16. Qf3 Re8 17. Bd2 Qb6 18. b3 g6 19. Re4 Rxe4 20. dxe4 d3 21.
exd5 Bxa1 22. dxc6 dxc2 23. c7 Rc8 24. Qe3 Qxc7 25. Bh3 Rd8 26. Bc1 Rd1+ 27.
Bf1 Qc8 28. Kg2 Qc6+ 29. f3 Bd4 30. Qh6 Bg7 31. Qe3 Qe6 32. Qf4 Qe1 33. Bc4
Qe8 34. Bxa6 h6 35. h4 Qe5 {White resigns} 0-1

[Event "ICC tourney 3382 (40 10)"]
[Site "Internet Chess Club"]
[Date "2024.02.10"]
[Round "3"]
[White "Kavari, Aarav:aaravkav"]
[Black "MA, YUNHUI:niuniuma"]
[Result "1/2-1/2"]
[ICCResult "Game drawn by mutual agreement"]
[WhiteElo "1704"]
[BlackElo "1561"]
[Opening "Nimzovich-Larsen attack: modern variation"]
[ECO "A01"]
[NIC "VO.08"]
[Time "15:30:23"]
[PlyCount "66"]
[TimeControl "2400+10"]

1. b3 e5 2. Bb2 Nc6 3. c4 f5 4. e3 Nf6 5. Nf3 d6 6. Be2 Be7 7. O-O O-O 8. d3
Qe8 9. Nbd2 Qg6 10. g3 Qh6 11. a3 Ng4 12. e4 fxe4 13. dxe4 Bg5 14. h4 Bxd2
15. Qxd2 Qg6 16. Rae1 Nf6 17. Kg2 Nxe4 18. Qd5+ Be6 19. Qb5 Qf5 20. Rh1 Nd2
21. Ref1 Nxf1 22. Rxf1 Qc2 23. Ng5 Bf5 24. Qd5+ Rf7 25. Qxf7+ Kh8 26. Qd5 h6
27. Bf3 Qxb2 28. Nf7+ Kh7 29. Be4 Bxe4+ 30. Qxe4+ Kg8 31. Qg6 Kf8 32. Qf5
Ne7 33. Qf3 Kg8 {Game drawn by mutual agreement} 1/2-1/2

[Event "ICC tourney 3382 (40 10)"]
[Site "Internet Chess Club"]
[Date "2024.02.10"]
[Round "3"]
[White "Sabbani, Sharathchandra:sharathsabbani"]
[Black "ZHANG, RAYMOND TANGNING:DankMemer"]
[Result "0-1"]
[ICCResult "White resigns"]
[WhiteElo "1303"]
[BlackElo "1683"]
[Opening "Nimzo-Indian: 4.e3 e8g8, 5.Nf3 d7d5"]
[ECO "E51"]
[NIC "NI.06"]
[Time "15:30:07"]
[PlyCount "152"]
[TimeControl "2400+10"]

1. d4 e6 2. c4 Nf6 3. e3 Bb4+ 4. Nc3 O-O 5. Nf3 d5 6. Bd3 Nbd7 7. O-O Bxc3
8. bxc3 Ne4 9. Qc2 f5 10. cxd5 exd5 11. Ba3 Rf7 12. Qb3 c6 13. c4 Nb6 14.
cxd5 cxd5 15. Rac1 Be6 16. Rc2 Rc7 17. Rfc1 Nc4 18. Bxc4 dxc4 19. Qb4 Rac8
20. Ne5 Qd5 21. f3 Nf6 22. Bb2 Nd7 23. Nxd7 Bxd7 24. Qc3 Ba4 25. Re2 Re8 26.
Rce1 Rce7 27. Qb4 Bc6 28. Bc3 g5 29. Qc5 g4 30. Qxd5+ Bxd5 31. fxg4 fxg4 32.
a3 Be4 33. Bb4 Re6 34. Rf2 Bg6 35. e4 Rxe4 36. Rxe4 Rxe4 37. d5 Rd4 38. d6
Rd3 39. Rd2 Rxd2 40. Bxd2 Bf5 41. Bc3 b5 42. Kf2 Kf7 43. Ke3 Ke6 44. Bb4 Kd5
45. Kf4 Bd7 46. Bc3 Kxd6 47. Ke4 Kc5 48. g3 Kd6 49. Kd4 a6 50. Bb4+ Kc6 51.
Ke5 Kb6 52. Kd5 a5 53. Bc3 Be8 54. Kd6 Bg6 55. Kd5 Be8 56. Bd4+ Kb7 57. Kc5
Bd7 58. Bc3 a4 59. Kb4 Kc6 60. Be5 Bf5 61. Kc3 Bd3 62. Bd4 Be2 63. Kb4 Bd1
64. Bc5 Bb3 65. Bd4 Kd5 66. Kc3 Ke4 67. Bf6 Kf3 68. Kb4 Kg2 69. Kxb5 Kxh2
70. Be5 c3 71. Bxc3 Kxg3 72. Bd4 h5 73. Kb4 h4 74. Be5+ Kg2 75. Kc3 h3 76.
Kd3 g3 {White resigns} 0-1

[Event "ICC tourney 3382 (40 10)"]
[Site "Internet Chess Club"]
[Date "2024.02.10"]
[Round "3"]
[White "LIN, MICHAEL:knightseu"]
[Black "JACKSON, MASSIMO MATEO:Yeetamus123"]
[Result "1-0"]
[ICCResult "Black resigns"]
[WhiteElo "1711"]
[BlackElo "1595"]
[Opening "Old Indian defense"]
[ECO "A53"]
[NIC "OI.04"]
[Time "15:30:21"]
[PlyCount "125"]
[TimeControl "2400+10"]

1. d4 Nf6 2. c4 d6 3. Nc3 g6 4. e4 Nbd7 5. Nf3 Bg7 6. h3 O-O 7. Be2 e5 8. d5
Nc5 9. Qc2 a5 10. Bg5 Qe8 11. b3 h6 12. Be3 b6 13. g4 h5 14. gxh5 Nxh5 15.
Ng5 Nf4 16. h4 f6 17. Nf3 Bg4 18. Rg1 Bh5 19. Nh2 Bxe2 20. Nxe2 Nfd3+ 21.
Kd1 Nb4 22. Qb1 a4 23. a3 Nxb3 24. axb4 Nxa1 25. Qxa1 b5 26. c5 dxc5 27.
Bxc5 Rf7 28. Rxg6 f5 29. Nc3 fxe4 30. Nxe4 Rf4 31. Rg4 Qd7 32. Rxg7+ Qxg7
33. f3 Rd8 34. Qa2 Rxh4 35. d6+ Kh8 36. Ng4 cxd6 37. Nxd6 Rh1+ 38. Ke2 Rxd6
39. Bxd6 Rh2+ 40. Nf2 Qg3 41. Bc5 Qf4 42. Qb2 Qc4+ 43. Ke1 Kg8 44. Qd2 Rg2
45. Qd8+ Kh7 46. Qd7+ Rg7 47. Qh3+ Kg8 48. Qc8+ Kh7 49. Qf5+ Kg8 50. Ng4
Qc1+ 51. Ke2 Qb2+ 52. Ke3 Qc3+ 53. Ke4 Qc4+ 54. Kxe5 Qc3+ 55. Kd6 Qd2+ 56.
Kc6 Qd8 57. Nf6+ Kf7 58. Nh5+ Kg8 59. Nf6+ Kf7 60. Ng4+ Kg8 61. Nh6+ Kh8 62.
Nf7+ Rxf7 63. Qxf7 {Black resigns} 1-0

[Event "ICC tourney 3382 (40 10)"]
[Site "Internet Chess Club"]
[Date "2024.02.10"]
[Round "3"]
[White "Yang, Daniel Benji Benji:DanielYang99"]
[Black "tammineni, ram:ramtammineni"]
[Result "1-0"]
[ICCResult "Black checkmated"]
[WhiteElo "1752"]
[BlackElo "1695"]
[Opening "French: Steinitz variation"]
[ECO "C11"]
[NIC "FR.04"]
[Time "15:30:32"]
[PlyCount "81"]
[TimeControl "2400+10"]

1. e4 e6 2. d4 d5 3. Nc3 Nf6 4. e5 Nfd7 5. Nce2 c5 6. c3 Nc6 7. f4 Qb6 8.
Nf3 Be7 9. g3 f6 10. Bh3 f5 11. a3 c4 12. g4 g6 13. gxf5 gxf5 14. Ng3 Nf8
15. Ng5 Bxg5 16. Qh5+ Ng6 17. Qxg5 Qd8 18. Nh5 Qxg5 19. fxg5 Kf7 20. Bg2 Na5
21. Be3 Bd7 22. h4 Ba4 23. Kf2 Bc2 24. Rag1 Rac8 25. Nf6 f4 26. Bc1 Ne7 27.
Bxf4 Bf5 28. h5 a6 29. Bh3 Be4 30. Nxe4 dxe4 31. Ke3 Nd5+ 32. Kxe4 Rc6 33.
g6+ hxg6 34. hxg6+ Kg7 35. Bg5 Rb6 36. Bxe6 Rxh1 37. Rxh1 Nxc3+ 38. bxc3
Rxe6 39. Kf5 Re8 40. Bf6+ Kg8 41. Rh8# {Black checkmated} 1-0

[Event "ICC tourney 3382 (40 10)"]
[Site "Internet Chess Club"]
[Date "2024.02.10"]
[Round "3"]
[White "SULTAN, BASHIR Cisse:muzikmixer"]
[Black "KARAKA, GOWTHAM:gkk432"]
[Result "1/2-1/2"]
[ICCResult "Game drawn by mutual agreement"]
[WhiteElo "1685"]
[BlackElo "1792"]
[Opening "English: Caro-Kann defensive system"]
[ECO "A11"]
[NIC "EO.64"]
[Time "15:30:22"]
[PlyCount "92"]
[TimeControl "2400+10"]

1. c4 c6 2. Nf3 d5 3. e3 Nf6 4. Nc3 Bf5 5. cxd5 cxd5 6. Qb3 Qd7 7. Ne5 Qc7
8. d4 e6 9. Bb5+ Nbd7 10. Qa4 Be7 11. Bd2 a6 12. Rc1 Qd8 13. Nxd7 Nxd7 14.
Bxd7+ Qxd7 15. Qxd7+ Kxd7 16. Na4 Rab8 17. Nb6+ Ke8 18. Ba5 f6 19. Kd2 Bd8
20. Rc5 Kf7 21. Rhc1 Re8 22. b4 Bxb6 23. Bxb6 Re7 24. Rc7 Re8 25. Rxe7+ Rxe7
26. Rc7 Rxc7 27. Bxc7 Ke7 28. a4 Kd7 29. Bb6 e5 30. Kc3 Be6 31. b5 axb5 32.
axb5 h5 33. Kb4 Kd6 34. Ba7 Kc7 35. Kc5 exd4 36. exd4 Bd7 37. g3 Be6 38. f4
g5 39. b6+ Kd7 40. Bb8 Bf7 41. fxg5 fxg5 42. g4 hxg4 43. Be5 Ke6 44. Bg7 Be8
45. Bh6 g3 46. hxg3 g4 {Game drawn by mutual agreement} 1/2-1/2

[Event "ICC tourney 3382 (40 10)"]
[Site "Internet Chess Club"]
[Date "2024.02.10"]
[Round "4"]
[White "tammineni, ram:ramtammineni"]
[Black "Sabbani, Sharathchandra:sharathsabbani"]
[Result "0-1"]
[ICCResult "White checkmated"]
[WhiteElo "1695"]
[BlackElo "1303"]
[Opening "Vienna game"]
[ECO "C25"]
[NIC "VG.04"]
[Time "17:46:35"]
[PlyCount "82"]
[TimeControl "2400+10"]

1. e4 e5 2. Nc3 d6 3. Bc4 Nf6 4. d3 Nc6 5. f4 Be7 6. Nf3 Bg4 7. Bb5 O-O 8.
Bxc6 bxc6 9. h3 Bxf3 10. Qxf3 exf4 11. Bxf4 Nd7 12. Qg3 Bh4 13. O-O Bxg3 14.
Bxg3 Rb8 15. b3 Qg5 16. Bf4 Qc5+ 17. Kh1 Qxc3 18. Rac1 Ne5 19. Rfe1 h6 20.
Red1 Qb2 21. d4 Ng6 22. Bh2 Qxa2 23. e5 dxe5 24. dxe5 Rfe8 25. e6 Rxe6 26.
Bxc7 Rc8 27. Bh2 Re2 28. Rg1 Rxc2 29. Ra1 Qxb3 30. Rab1 Qc4 31. Rbf1 a5 32.
Ra1 a4 33. Raf1 a3 34. Ra1 a2 35. Raf1 Re8 36. Ra1 Nh4 37. Raf1 Qe4 38. Re1
Re2 39. Ra1 Nxg2 40. Rxa2 Nh4+ 41. Rg2 Qxg2# {White checkmated} 0-1

[Event "ICC tourney 3382 (40 10)"]
[Site "Internet Chess Club"]
[Date "2024.02.10"]
[Round "4"]
[White "PAN, ROGER:RogerPbim"]
[Black "Yang, Daniel Benji Benji:DanielYang99"]
[Result "0-1"]
[ICCResult "White checkmated"]
[WhiteElo "1660"]
[BlackElo "1752"]
[Opening "Queen's pawn: London system"]
[ECO "A45"]
[NIC "QP.07"]
[Time "17:46:38"]
[PlyCount "86"]
[TimeControl "2400+10"]

1. d4 Nf6 2. Bf4 d5 3. e3 c5 4. Nf3 Nc6 5. Nbd2 e6 6. c3 Qb6 7. Qc2 Be7 8.
Bd3 Bd7 9. h3 Rc8 10. O-O cxd4 11. exd4 Nb4 12. Qb1 Nxd3 13. Qxd3 Bb5 14. c4
dxc4 15. Qc3 Nd5 16. Nxc4 Bxc4 17. Be3 O-O 18. Qc1 Bxf1 19. Qxf1 Rc2 20. Ne5
Qc7 21. b3 f6 22. Nc4 b5 23. Qb1 Rxc4 24. bxc4 bxc4 25. Qc2 Rc8 26. Rc1 c3
27. Kf1 Qc4+ 28. Qe2 Nxe3+ 29. fxe3 c2 30. Qxc4 Rxc4 31. Ke2 Ba3 32. d5 Bxc1
33. dxe6 Bxe3 34. e7 Kf7 35. e8=Q+ Kxe8 36. Kxe3 c1=Q+ 37. Kd3 Qc2+ 38. Ke3
Re4+ 39. Kf3 Qe2+ 40. Kg3 Re3+ 41. Kh2 Qf2 42. h4 Qg3+ 43. Kg1 Re1#
{White checkmated}
0-1